 Dungeon Crawl Stone Soup version 0.30-a0-374-g95c0257040 (webtiles) character file.

Game seed: 10503599312883309537

109 sanka the Shooter (level 4, -8/34 HPs)
             Began as a Vampire Hunter on Nov 27, 2022.
             Was a High Priest of Ignis.
             Killed by divine providence
             ... invoked by an orc priest
              (14 damage)
             ... on level 3 of the Dungeon.
             The game lasted 00:03:12 (1181 turns).

sanka the Shooter (Vampire Hunter)                  Turns: 1181, Time: 00:03:13

Health: -8/34      AC:  3    Str: 10    XL:     4   Next: 60%
Magic:  4/4        EV: 13    Int: 11    God:    Ignis [*****.]
Gold:   102        SH:  0    Dex: 19    Spells: 3/3 levels left

rFire   + . .      SeeInvis +    a - +0 shortbow
rCold   . . .      Faith    .    (shield currently unavailable)
rNeg    . . .      Spirit   .    c - +0 leather armour
rPois   .          Reflect  .    (no helmet)
rElec   .          Harm     .    (no cloak)
rCorr   .          Rampage  .    (no gloves)
Will    .....                    (no boots)
Stlth   ++........               (no amulet)
HPRegen 0.45/turn                (no ring)
MPRegen 0.09/turn                (no ring)

@: healing quickly
A: alive, fangs 3, see invisible, vampiric 2
a: Exsanguinate, Renounce Religion, Fiery Armour, Foxfire Swarm, Rising Flame


You were on level 3 of the Dungeon.
You worshipped Ignis.
Ignis was extremely pleased with you.
You visited 1 branch of the dungeon, and saw 3 of its levels.

You collected 102 gold pieces.


Innate Abilities, Weirdness & Mutations

Your natural rate of healing is accelerated.
You have razor-sharp teeth.
You have supernaturally acute eyesight. (SInv)
You are afflicted with vampirism and can become a bat while bloodless.


   Skills:
 + Level 2.9 Fighting
 + Level 3.9 Ranged Weapons
 + Level 3.5 Dodging
 - Level 1.5 Stealth


You had 3 spell levels left.
You didn't know any spells.
Your spell library contained the following spells:

 Spells                   Type           Power      Damage    Failure   Level
 Hailstorm                Conj/Ice       0%         3d3       82%         3
 Ice Form                 Ice/Tmut       0%         N/A       99%         4
 Simulacrum               Ice/Necr       0%         N/A       100%        6

Inventory:

Hand Weapons
 a - a +0 shortbow (weapon)
Armour
 c - a +0 leather armour (worn)
Scrolls
 b - 2 scrolls of immolation {!r}
 d - 2 scrolls of enchant armour {unknown}
 e - a scroll of amnesia {unknown}
 f - 2 scrolls of silence {unknown}
 g - a scroll of teleportation {unknown}
 h - 2 scrolls of torment {unknown}
 l - a scroll of identify {unknown}
 n - a scroll of poison {unknown}
Potions
 i - a potion of mutation {unknown}
 j - a potion of flight {unknown}
 k - a potion of berserk rage {unknown}
 m - 2 potions of lignification {unknown}
 o - a potion of might {unknown}
 p - a potion of magic {unknown}

Dungeon Overview and Level Annotations

Branches:
Dungeon (3/15)

Altars:
Ignis

Annotations:
D:3 Sigmund

... ▒...o ...▒▒....
........▒▒▒ .. ▒.....o.. ..
▒......▒▒▒. . ▒......▒.. .
▒.....?▒.▒.▒▒▒
▒▒▒▒▒▒▒▒▒▒▒▒▒▒▒o.....▒.▒.£.▒
..........V.@ooo...........
▒........▒▒▒▒▒▒......▒...▒
▒>..........▒▒▒......▒ ▒▒
▒.▒...........'......▒
▒.▒..........▒▒.....▒▒▒▒▒▒
▒.▒▒▒........▒▒▒▒.........
▒.▒ ▒........▒ ▒.......▒▒
▒.▒▒▒▒..▒▒▒..▒ ▒.▒.......
▒.........................


You could see Sigmund, an orc priest and 3 orcs.


Message History

You shoot an arrow. The arrow barely misses Sigmund.
The arrow hits the orc but does no damage.
The orc is heavily wounded.
Sigmund barely misses you.
An orc comes into view. It is wielding a +0 short sword.
You shoot an arrow. The arrow hits Sigmund.
Sigmund is heavily wounded.
Sigmund hits you from afar with a +0 scythe!
* * * LOW HITPOINT WARNING * * *
An orc priest comes into view. It is wielding a +0 hand axe.
The orc curses loudly.
You shoot an arrow. The arrow hits Sigmund.
Sigmund is severely wounded.
Sigmund closely misses you.
You shoot an arrow. The arrow completely misses Sigmund.
The arrow hits the orc!
You kill the orc!
You hear a shout!
Sigmund hits you but does no damage.
You shoot an arrow. The arrow hits Sigmund.
Sigmund is severely wounded.
You hear a shout!
The orc priest mumbles some strange prayers to Beogh against you.
Beogh smites you!
You die...

Action                   |  1- 3 |  4- 6 || total
-------------------------+-------+-------++-------
 Fire: Shortbow          |   100 |    32 ||   132
Armor: Leather armour    |    17 |     3 ||    20
Dodge: Dodged            |    25 |    15 ||    40

Levels and vault maps discovered:
D:1:      matt_arrival_grand_opening, layout_rooms,
          chequers_ecumenical_altar_simple
D:2:      layout_loops_ring, kennysheep_decorative_pillar,
          nicolae_figureground_sparkle
D:3:      layout_basic, nrook_mini_vaults, uniq_sigmund

Notes
Turn   | Place    | Note
-------+----------+-------------------------------------------
     0 | D:1      | sanka the Vampire Hunter began the quest for the Orb.
     0 | D:1      | Reached XP level 1. HP: 16/16 MP: 1/1
   101 | D:1      | Found a faded altar of an unknown god.
   110 | D:1      | Reached skill level 2 in Fighting
   115 | D:1      | Reached XP level 2. HP: 22/22 MP: 2/2
   117 | D:1      | Prayed at the altar of an unknown god.
   117 | D:1      | Became a worshipper of Ignis, the Dying Flame
   576 | D:2      | Gained mutation: You are afflicted with vampirism and can
                  | become a bat while bloodless. [Vampire growth]
   576 | D:2      | Reached XP level 3. HP: 25/27 MP: 3/3
   814 | D:2      | Reached skill level 3 in Dodging
  1055 | D:3      | Reached XP level 4. HP: 34/34 MP: 4/4
  1160 | D:3      | Identified a +1 robe of resistance
  1160 | D:3      | Noticed Sigmund
  1181 | D:3      | Killed from afar by an orc priest

Vanquished Creatures
  An orc priest (D:3)
  4 adders
  6 orcs (D:3)
  3 ball pythons
  3 bats
  3 endoplasms
  A giant cockroach (D:1)
  A goblin (D:1)
  4 hobgoblins
  5 kobolds
  A quokka (D:1)
  4 frilled lizards (D:2)
  4 rats
40 creatures vanquished.
